 Dungeon Crawl Stone Soup version 0.29-a0-515-g7c1fb6cc08 (webtiles) character file.

Game seed: 15681996713298912850

140 Bruhh the Ogre Mage (level 5, -2/48 HPs)
             Began as an Ogre Transmuter on May 30, 2022.
             Splashed by a jelly's acid (9 damage)
             ... on level 3 of the Dungeon.
             The game lasted 00:03:53 (3804 turns).

Bruhh the Ogre Mage (Ogre Transmuter)               Turns: 3804, Time: 00:03:55

Health: -2/48      AC: -1    Str: 14    XL:     5   Next: 23%
Magic:  20/20      EV:  9    Int: 16    God:
Gold:   187        SH:  0    Dex:  9    Spells: 8/12 levels left

rFire   . . .      SeeInvis .   d - +1 dagger (venom)
rCold   . . .      Faith    .   (no shield)
rNeg    . . .      Spirit   .   a - +0 robe
rPois   .          Reflect  .   (helmet restricted)
rElec   .          Harm     .   (no cloak)
rCorr   .          Rampage  .   (gloves unavailable)
Will    .....                   (boots unavailable)
Stlth   +.........              (no amulet)
HPRegen 0.16/turn               i - ring of magical power
MPRegen 0.17/turn               (no ring)

@: corroded
A: large, unfitting armour, tough skin 1
a: no special abilities


You were on level 3 of the Dungeon.
You visited 1 branch of the dungeon, and saw 4 of its levels.

You collected 187 gold pieces.

Inventory:

Hand Weapons
 d - a +1 dagger of venom (weapon)
Armour
 a - a +0 robe (worn)
Jewellery
 b - a ring of magical power
 f - a ring of fire
 i - a ring of magical power (left hand)
Scrolls
 c - 6 scrolls of identify {unknown}
 g - 3 scrolls of noise {unknown}
 h - 2 scrolls of enchant armour {unknown}
 l - a scroll of immolation {unknown}
Potions
 e - a potion of brilliance
 j - a potion of flight
 k - a potion of curing


   Skills:
 - Level 1.3 Fighting
 - Level 1.7 Dodging
 + Level 3.3 Unarmed Combat
 * Level 4.4 Spellcasting
 - Level 3.0 Transmutations


You had 8 spell levels left.
You knew the following spells:

 Your Spells              Type           Power      Damage    Failure   Level
a - Beastly Appendage     Tmut           26%        N/A       4%          1
b - Spider Form           Tmut/Pois      8%         N/A       26%         3

Your spell library contained the following spells:

 Spells                   Type           Power      Damage    Failure   Level
 Wereblood                Tmut           13%        N/A       7%          2
 Ice Form                 Ice/Tmut       8%         N/A       65%         4


Dungeon Overview and Level Annotations

Branches:
Dungeon (4/15)
 Temple: D:4-7

Altars:
Cheibriados
Kikubaaqudgha

Shops:
D:2 ??!


Innate Abilities, Weirdness & Mutations

You are too large for most types of armour.
You have tough skin. (AC +1)


Message History

You open the door.
There is an open door here.
There is a stone staircase leading down here.
You climb downwards.
The jelly quivers.
There is a stone staircase leading up here.
You can't go down here!
There's nothing to open nearby.
There are monsters nearby!
You hit the jelly.
Your hands burn!
The jelly is moderately wounded.
The ogre shouts!
The jelly closely misses you.
You hit the jelly.
Your hands burn!
The jelly is moderately wounded.
The jelly completely misses you. The jelly barely misses you.
You climb upwards.
There is a stone staircase leading down here.
You can't go up here!
You hit the jelly.
The jelly is poisoned.
Your hands burn!
The jelly is heavily wounded.
The jelly completely misses you.
You hit the jelly.
Your hands burn!
The jelly is heavily wounded.
The jelly hits you but does no damage.
You completely miss the jelly.
The jelly is severely wounded.
The jelly hits you. The acid corrodes you!
You are splashed with acid!
You hit the jelly but do no damage.
Your hands burn!
The jelly is severely wounded.
The jelly hits you.
You are splashed with acid!
* * * LOW HITPOINT WARNING * * *
You hit the jelly.
Your hands burn!
* * * LOW HITPOINT WARNING * * *
The jelly is severely wounded.
The jelly hits you.
* * * LOW HITPOINT WARNING * * *
You are splashed with acid!
You die...

.##..............................
.........#####.##...##'##......##
#########...#...#...#...#......#
#...'.⌠.##.##.⌠.'......##
####...#....#.#....#........
#......##...###...##..).....
#..)....#....#....#.........
#......###.J.....##.........
####......###.@.⌠.<.#..........
#......#...##.......##.##......
#......#...#....#....#.##......
#.........##...###...####......
######....#....#.#....#........
#...........⌠.##.##.⌠..........
#.........#...#...#...#........
#....<....##'##...##.##........
#..............................


You could see a jelly (very poisoned).

Vanquished Creatures
  An orc wizard (D:3)
  3 adders (D:2)
  2 dart slugs (D:3)
  3 worms
  3 orcs
  8 bats
  9 endoplasms
  4 giant cockroaches
  A goblin (D:1)
  7 hobgoblins
  4 jackals (D:2)
  6 kobolds
  3 quokkas
  5 ball pythons
  2 frilled lizards
  7 rats
68 creatures vanquished.

Notes
Turn   | Place    | Note
-------+----------+-------------------------------------------
     0 | D:1      | Bruhh the Ogre Transmuter began the quest for the Orb.
     0 | D:1      | Reached XP level 1. HP: 19/19 MP: 3/3
   159 | D:1      | Reached XP level 2. HP: 21/27 MP: 3/5
   666 | D:1      | Reached skill level 3 in Spellcasting
   838 | D:1      | Reached XP level 3. HP: 23/33 MP: 5/7
  1144 | D:1      | Found a faded altar of an unknown god.
  1379 | D:2      | Found Mapput's Distillery.
  1539 | D:2      | Learned a level 3 spell: Spider Form
  1542 | D:2      | Found Isibbax's Magic Scroll Shop.
  1545 | D:2      | Found Feruq's Magic Scroll Boutique.
  1652 | D:2      | Reached XP level 4. HP: 25/41 MP: 6/9
  1909 | D:2      | You fall into a shaft and drop 1 floor!
  2729 | D:3      | Found a snail-covered altar of Cheibriados.
  2782 | D:3      | Reached skill level 4 in Spellcasting
  2782 | D:3      | Reached XP level 5. HP: 25/48 MP: 11/11
  3156 | D:3      | Found an ancient bone altar of Kikubaaqudgha.
  3795 | D:4      | Noticed an ogre
  3804 | D:3      | Splashed by a jelly's acid

Illustrated notes

Levels and vault maps discovered:
D:1:      lightli_arrival_maybe_door_vault, layout_basic,
          ebering_ecumenical_altar_hall
D:2:      layout_basic, serial_shops, nicolae_shop_statue_plus, shop_scrolls,
          shop, hangedman_abyss_or_decor_stabs
D:3:      layout_basic, slow_altar_1, kiku_gazebo_pond_becter,
          grunt_ministairs_13, minmay_ruptured
D:4:      layout_basic, mainiacjoe_overflow_paths, dk_yredelemnul_ordeal,
          minmay_hollow_rounded_squares

Skill      XL: |  1  2  3  4 |
---------------+-------------+-----
Transmutations | 2 3 |  3.0
Spellcasting   | 3 4 |  4.4
Unarmed Combat | 3 |  3.3
Fighting       | |  1.3
Dodging        | |  1.7

Action                   |  1- 3 |  4- 6 || total
-------------------------+-------+-------++-------
Melee: Unarmed           |    93 |   118 ||   211
       Headbutt          |    11 |    14 ||    25
       Kick              |    19 |    24 ||    43
       Punch             |     2 |     4 ||     6
       Dagger            |       |    17 ||    17
 Cast: Beastly Appendage |    25 |    22 ||    47
       Spider Form       |       |     1 ||     1
  Use: Potion            |       |     5 ||     5
Armor: Robe              |    44 |    36 ||    80
       Skin              |       |     4 ||     4
Dodge: Dodged            |    41 |    62 ||   103

Table legend: (Time is in decaauts)
 A = Elapsed time spent in this place.
 B = Non-inter-level travel time spent in this place.
 C = Inter-level travel time spent in this place.
 D = Time resting spent in this place.
 E = Time spent auto-exploring this place.
 F = Levels seen in this place.
 G = Mean time per level.
                   A        B        C        D        E       F      G
               +--------+--------+--------+--------+--------+-----+--------+
         Total |   3789 |   3682 |    107 |      0 |   3143 |   4 |  947.2 |
       Dungeon |   3789 |   3682 |    107 |      0 |   3143 |   4 |  947.2 |
               +--------+--------+--------+--------+--------+-----+--------+

Top non-repeatable levels by time:
     D:1: 1374 daAuts
     D:3: 1267 daAuts
     D:2: 1144 daAuts
     D:4: 3 daAuts
